Cogmind - Beta 13 @@@ ROGUE MODE // 2024.04.07 @ 19:20:38 Player: Findu Result: Destroyed by S-10 Pest with Light Assault Rifle Performance ------------- Evolutions (0) 0 Regions Visited (2) 400 Robots Destroyed (21) 105 Value Destroyed (338) 338 Prototype IDs (2) 40 Alien Tech Used (0) 0 Bonus (0) 0 TOTAL SCORE: 883 Bonus ------- None Cogmind --------- Core Integrity 0/250 Matter 128/300 Energy 99/100 System Corruption 6% Temperature Cool (0) Movement Core (50) Location -10/Mines Parts ------- > --- POWER (1) -------- (None) > --- PROPULSION (2) --- (None) > --- UTILITY (2) ------ Signal Interpreter > --- WEAPON (2) ------- (None) > --- INVENTORY (5) ---- Heat Sink Visual Processing Unit Signal Interpreter Peak State ------------ > --- POWER ------------ Ion Engine > --- PROPULSION ------- Wheel Compact Wheel > --- UTILITY ---------- Large Storage Unit Signal Interpreter > --- WEAPON ----------- Light Assault Rifle Grenade Launcher > --- INVENTORY -------- Ion Engine Hover Unit Hover Unit Hover Unit Flight Unit Flight Unit Heat Sink Visual Processing Unit Grenade Launcher [Rating: 8] Favorites ----------- Power Ion Engine Engine Ion Engine Propulsion Compact Wheel Wheel Compact Wheel Hover Unit Hover Unit Utility Large Storage Unit Storage Large Storage Unit Processor Signal Interpreter Weapon Grenade Launcher Energy Gun EM Pulse Gun Ballistic Gun Light Assault Rifle Launcher Grenade Launcher Special Weapon Mining Laser Build | -11 -10 -10 ------- Run | Yrd Mat Min Slots Evolved . | . . . Power . | . . . Propulsion . | . . . Utility . | . . . Weapon . | . . . Parts Attached 17 | 6 5 6 Power 3 | 1 . 2 Engine 3 | 1 . 2 Core . | . . . Reactor . | . . . Propulsion 4 | 2 . 2 Treads . | . . . Leg . | . . . Wheel 2 | 2 . . Hover 2 | . . 2 Flight . | . . . Utility 3 | 1 2 . Device . | . . . Storage 2 | 1 1 . Processor 1 | . 1 . Hackware . | . . . Protection . | . . . Artifact . | . . . Weapon 7 | 2 3 2 Energy Gun 2 | 2 . . Energy Cannon . | . . . Ballistic Gun 1 | . 1 . Ballistic Cannon . | . . . Launcher 3 | . 2 1 Special Weapon 1 | . . 1 Impact Weapon . | . . . Slashing Weapon . | . . . Piercing Weapon . | . . . Special Melee Weapon . | . . . Unidentified Prototypes . | . . . Parts Lost 11 | . 1 10 Power 2 | . . 2 Propulsion 4 | . . 4 Utility . | . . . Weapon 5 | . 1 4 Highest Loss Streak 7 | . 1 7 To Critical Strikes . | . . . Average Slot Usage (%) 87 | . 91 68 Engine 12 | . 14 6 Wheel 26 | . 28 20 Storage 13 | . 14 8 Processor 7 | . 6 14 Energy Gun 7 | . 8 . Ballistic Gun 4 | . 5 1 Launcher 11 | . 13 3 Special Weapon 1 | . . 7 Naked Turns . | . . . Heaviest Build 30 | 14 30 29 Greatest Support 26 | 26 26 26 Greatest Overweight (x) 1 | . 1 1 Average Overweight (x) . | . . . Largest Inventory Capacity 15 | 8 15 15 Average Capacity 13 | 6 14 11 Most Carried 11 | 4 11 11 Average Carried 6 | 2 6 6 Final Capacity 15 | 8 15 5 Final Carried 11 | 4 11 3 Class Distribution -------------------- 100% | Mutant Dominant Class ---------------- Mutant | -10/Materials Mutant | -10/Mines Resources | -11 -10 -10 ----------- Run | Yrd Mat Min Matter Collected 351 | 199 152 . Remotely . | . . . Salvage Created 340 | . 327 13 Parts 34 | . 34 . Haulers Intercepted 1 | . 1 . Recyclers Shooed 2 | . 2 . Parts Field Recycled . | . . . Retrieved Matter . | . . . Parts Self-Destructed . | . . . Prevented . | . . . Kills | -11 -10 -10 ------- Run | Yrd Mat Min Combat Hostiles Destroyed 13 | . 11 2 Guns 2 | . 2 . Cannons 1 | . . 1 AOE 10 | . 9 1 Classes Destroyed 6 | . 6 . Worker 3 | . 3 . Hauler 1 | . 1 . Operator 1 | . 1 . Watcher 3 | . 3 . Swarmer 9 | . 9 . Grunt 4 | . 2 2 Best Kill Streak 9 | . 9 2 Combat Bots Only 6 | . 6 2 Max Kills in Single Turn 2 | . 2 1 Gunslinging . | . . . Exploded 2 | . 2 1 Melee . | . . . Uniques/NPCs Destroyed . | . . . Combat | -11 -10 -10 -------- Run | Yrd Mat Min Hostile Shots Fired 91 | . 31 60 Missed 27 | . 9 18 Damage Taken 815 | . 228 587 Core 254 | . 48 206 Absorbed by Shields . | . . . Core Remaining (%) 100 | 100 . . Volleys Fired 37 | . 27 10 Largest 2 | . 2 2 Hottest 100 | . 80 100 Shots Fired 53 | . 40 13 Gun 30 | . 27 3 Cannon . | . . . Launcher 20 | . 13 7 Special 3 | . . 3 Kinetic 12 | . 9 3 Thermal 3 | . . 3 Explosive 20 | . 13 7 Electromagnetic 18 | . 18 . Robot Hit Streak 7 | . 4 7 Robot Miss Streak 6 | . 6 1 Penetration Max . | . . . Secondary Targets . | . . . Shots Hit Robots 30 | . 19 11 Core Hits 35 | . 26 9 Critical Kills . | . . . Critical Parts Destroyed . | . . . Critical Strikes . | . . . Melee Attacks . | . . . Impact . | . . . Slashing . | . . . Piercing . | . . . Sneak Attacks . | . . . Combat Hostiles . | . . . Follow-up Attacks . | . . . Damage Inflicted 1421 | . 941 480 Guns 209 | . 182 27 Cannons . | . . . Explosions 1151 | . 759 392 Melee . | . . . Ramming 13 | . . 13 Kinetic 84 | . 57 27 Thermal 173 | . 125 48 Explosive 1026 | . 634 392 Electromagnetic 125 | . 125 . Impact . | . . . Slashing . | . . . Piercing . | . . . Highest Corruption 6 | . 5 6 Average Corruption 4 | . 4 5 Corruption Purged . | . . . Corruption Blocked . | . . . Effects 11 | . 10 1 Message Errors 2 | . 2 . Matter Fused 3 | . 3 . Heat Flow Errors 1 | . 1 . Energy Discharges 1 | . 1 . Parts Rejected 1 | . . 1 Data Loss (minor) 1 | . 1 . Misfires 1 | . 1 . Weapon Failures 1 | . 1 . Overload Shots . | . . . Overflow Damage 51 | . 41 10 Projectiles . | . . . Explosions 51 | . 41 10 Melee . | . . . Knockbacks . | . . . Impact . | . . . Kinetic . | . . . Secondary . | . . . Self-Inflicted Damage 153 | . 51 102 Shots 7 | . 2 5 Rammed 6 | . . 6 Targets Rammed 6 | . . 6 Kicked . | . . . Crushed . | . . . Highest Temperature 185 | . 185 25 Average Temperature 26 | . 31 14 Received Heat Transfer 219 | . 6 213 Siege Activations . | . . . Robots Corrupted . | . . . Combat Hostiles . | . . . Parts Fried . | . . . Impact Corruptions . | . . . Robots Melted . | . . . Combat Hostiles . | . . . Parts Melted . | . . . Heat Transferred 300 | . 200 100 Parts Sabotaged . | . . . Parts Stolen . | . . . Parts Stripped . | . . . Power Chain Reactions 3 | . 3 . Alert | -11 -10 -10 ------- Run | Yrd Mat Min Peak Influence 427 | . 427 183 Initial 88 | . . 88 Average 191 | . 228 132 Maximum Alert Level 2 | . 2 . Low Security (%) 61 | 100 47 100 Level 1 15 | . 20 . Level 2 23 | . 32 . Level 3 . | . . . Level 4 . | . . . Level 5 . | . . . High Security . | . . . Max Security . | . . . Squads Dispatched . | . . . Investigation . | . . . Extermination . | . . . Reinforcement . | . . . Assault . | . . . Garrison . | . . . Intercept . | . . . Searches Triggered . | . . . Construction Impeded . | . . . Haulers Reinforced . | . . . Active Scanning Responses . | . . . Cargo Convoy Interrupts . | . . . Stealth | -11 -10 -10 --------- Run | Yrd Mat Min Distress Signals 1 | . 1 . Communications Jammed . | . . . Distress Signals . | . . . Times Spotted 24 | . 14 10 Peak Tracking Total 5 | . 4 5 Tactical Retreats 1 | . . 1 Traps | -11 -10 -10 ------- Run | Yrd Mat Min Traps Triggered 3 | . 3 . Indirectly . | . . . Trap Hack Attempts . | . . . Triggered . | . . . Disarmed . | . . . Reprogrammed . | . . . Reused . | . . . Traps Extracted . | . . . Installed . | . . . Triggered . | . . . Machines | -11 -10 -10 ---------- Run | Yrd Mat Min Machines Disabled 3 | . 2 1 Max in Single Turn 1 | . 1 1 Machines Repaired . | . . . Machines Dismantled . | . . . Machines Sabotaged . | . . . Overloaded Fab Kills . | . . . Hacking | -11 -10 -10 --------- Run | Yrd Mat Min Machines Accessed 3 | . 3 . Terminals 3 | . 3 . Fabricators . | . . . Repair Stations . | . . . Recycling Units . | . . . Scanalyzers . | . . . Garrison Access . | . . . Total Hacks 9 | . 9 . Successful 2 | . 2 . Failed 7 | . 7 . Catastrophic 1 | . 1 . Database Lockouts . | . . . Manual . | . . . Terminals 9 | . 9 . Fabricators . | . . . Repair Stations . | . . . Recycling Units . | . . . Scanalyzers . | . . . Garrison Access . | . . . Terminal Hacks 2 | . 2 . Prototype ID Bank 1 | . 1 . Transport Status 1 | . 1 . Fabricator Hacks . | . . . Repair Station Hacks . | . . . Recycling Unit Hacks . | . . . Scanalyzer . | . . . Garrison Access Hacks . | . . . Unauthorized Hacks . | . . . Terminals . | . . . Fabricators . | . . . Repair Stations . | . . . Recycling Units . | . . . Scanalyzers . | . . . Garrison Access . | . . . Data Cores Recovered 1 | . 1 . Used 1 | . 1 . Hacking Detections 3 | . 3 . Full Trace Events 1 | . 1 . Feedback Events . | . . . Feedback Blocked . | . . . Robot Schematics Acquired . | . . . Robots Built . | . . . Authchips . | . . . Time . | . . . Total Robot Build Rating . | . . . Part Schematics Acquired . | . . . Parts Built . | . . . Authchips . | . . . Time . | . . . Total Part Build Rating . | . . . Parts Repaired . | . . . Time . | . . . Parts Recycled . | . . . Recycled Matter . | . . . Retrieved Matter . | . . . Retrieved Components . | . . . Parts Scanalyzed . | . . . Part Schematics Acquired . | . . . Parts Damaged . | . . . Bothacking | -11 -10 -10 ------------ Run | Yrd Mat Min Used RIF Installer . | . . . Robots Hacked . | . . . Non-combat . | . . . Combat . | . . . Robot Hacks Applied . | . . . Relay Couplers Released . | . . . Fabnet Peak Effective % . | . . . Robots Rewired . | . . . Allies Hacked . | . . . Hacks Repelled . | . . . Allies | -11 -10 -10 -------- Run | Yrd Mat Min Total Allies . | . . . Largest Group . | . . . Highest-Rated Group . | . . . Highest-Rated Ally . | . . . Total Orders . | . . . Ally Attacks . | . . . Total Damage . | . . . Kills . | . . . Allies Corrupted . | . . . Allies Melted . | . . . Intel | -11 -10 -10 ------- Run | Yrd Mat Min Robot Analysis Total . | . . . Derelict Logs Recovered . | . . . Drone Launches . | . . . Drone Recoveries . | . . . Exploration | -11 -10 -10 ------------- Run | Yrd Mat Min Turns Passed 635 | 55 467 113 Spaces Moved 499 | 48 366 85 Core 7 | 1 . 6 Treads . | . . . Legs . | . . . Wheels 445 | 47 366 32 Hover 47 | . . 47 Flight . | . . . Fastest Speed 50 | 50 90 50 Average Speed 97 | 87 103 77 Slowest Speed 115 | 90 105 115 Overloaded Moves . | . . . Propulsion Burnouts . | . . . Robots Hopped . | . . . Cave-ins Triggered . | . . . Exploration Rate (%) 29 | 3 60 25 Regions Visited 2 Branch Regions 1 Pre-discovered Areas . | . . . Known Exits Taken 1 | . 1 . Unknown Exits Taken 1 | 1 . . Scrap Searched . | . . . Spaces Dug . | . . . Terrain Destroyed 110 | . 54 56 Melee . | . . . Projectile . | . . . AOE 110 | . 54 56 Terrain Rammed . | . . . Walls Destroyed . | . . . Machines Disabled . | . . . Actions | -11 -10 -10 --------- Run | Yrd Mat Min Total 589 | 57 417 115 Wait 5 | . 2 3 Move 497 | 47 365 85 Hop . | . . . Pick Up 16 | 4 10 2 Fast Attach 11 | 6 4 1 Attach 5 | . . 5 Detach 2 | . 2 . Swap 1 | . 1 . Drop 9 | . 6 3 Fire 37 | . 27 10 Melee . | . . . Ram 6 | . . 6 Kick . | . . . Crush . | . . . Escape Stasis . | . . . Rewire . | . . . Trap . | . . . Miscellaneous . | . . . Route ------- -11/Scrapyard -10/Materials (discovered 2 exits: *Min x2) -10/Mines History --------- Turn | Location | Event 29 | -11/Scrapyard | Discovered new exit (range 15) 56 | -11/Scrapyard | Entered Materials 65 | -10/Materials | Discovered new exit (range 16) 250 | -10/Materials | Discovered new exit (range 10) 311 | -10/Materials | Build established: Mutant 394 | -10/Materials | Identified exit to Mines 523 | -10/Materials | Entered Mines 568 | -10/Mines | Lost 3 parts (1p2w) 578 | -10/Mines | Core integrity fell below 50% 634 | -10/Mines | Core integrity fell below 20% 636 | -10/Mines | Destroyed by S-10 Pest with Light Assault Rifle Last Messages --------------- 00595_ Acquired Signal Interpreter. 00596_ Acquired Heat Sink. 00597_ Mining Laser destroyed. 00598_ The unstable cave ceiling collapses. 00599_ Ion Engine destroyed. 00614_ Hover Unit destroyed. 00614_ K-01 Serf collects debris. 00629_ Slammed into S-10 Pest. 00629_ Signal Interpreter broken. 00629_ Destabilizing: Short circuit. 00630_ Slammed into S-10 Pest. 00631_ Destabilizing: Core damaged (-7). 00631_ Hover Unit destroyed. 00632_ Slammed into S-10 Pest. 00633_ Destabilizing: System corrupted (+1). 00634_ Slammed into S-10 Pest. 00634_ Destabilizing: Core damaged (-5). 00634_ K-01 Serf collects debris. 00634_ Com. Wheel destroyed. 00636_ K-01 Serf collects debris. Map ----- +----------------------------------------------------+ | ?????????????????????????????????????????????????? | | ?????????????????????????????????????????????????? | | ?????????????????????????????????????????????????? | | ?????????????????????????????????????????????????? | | ?????????????????????????????????????????????????? | | ?????????????????????????????????????????????????? | | ?????????????????????????????????????????????????? | | ?????????????????????????###?????????????????????? | | ????????????????????????? ##????????????????????? | | ????????????????????????? ##### ??????????????? | | ???????????#????????????# ?????????????? | | ??????????? #???????????# k ????????????? | | ??????????? ??????????## ???????????? | | ??????????? #??????#### ??????????? | | ??????????? #?????## ??????????? | | ???????????# #????## #?????????? | | ???????????# ???## #?????????? | | ???????????# #???# #?????????? | | ???????????# #???# #?????????? | | ?????????### #####k k #?????????? | | ?????????# #?????????? | | ?????????# g ##??????????????? | | ?????????# ###### g ##???????????????? | | ?????????# #????## #????????????????? | | ???????### #?????## #????????????????? | | ???????# #??????## @ #????????????????? | | ???????# ###???????# ##????????????????? | | ???????# #?????????# ## s ##?????????????????? | | ???????# #?????????###### ########???????????? | | ???????# ###????????????## ## ##??????????? | | ?????### # ####??????????## #??????????? | | ?????# # #???????????### s s #??????????? | | ?????# = #?????????????## #??????????? | | ###??# =! ##?????????????# ## ##?????????? | | ### = #????????????# #### #?????????? | | ## # #???????????# #??# #????????? | | ## #?????????? ??## #????????? | | " ##????????# #??#####????????? | | ### """" #????????# #???????????????? | | ??#### """" ####????????# #???????????????? | | ?????# #???????????##### ##???????????????? | | ?????########???????????????# #????????????????? | | ????????????????????????????# $##????????????????? | | ????????????????????????????# ??????????????????? | | ????????????????????????????# ??????????????????? | | ????????????????????????????# ??????????????????? | | ????????????????????????????? ??????????????????? | | ?????????????????????????????????????????????????? | | ?????????????????????????????????????????????????? | | ?????????????????????????????????????????????????? | +----------------------------------------------------+ Best States ------------- Heat Dissipation 25 Energy Generation 10 Energy Capacity 250 Matter Stores 296 Matter Capacity 300 Sight Range 16 Terrain Scan Density 10 Evasion (%) 52 Item Schematics ----------------- None Robot Schematics ------------------ None Fabricated ------------ Nothing Alien Tech Used ----------------- None Achievements -------------- None Challenges ------------ None Game ------ Seed AluminumFortressLegs Manual? 0 Play Time 00:13:53 Cumulative 23.5 hours Start 2024.04.07 @ 19:09:14 End 2024.04.07 @ 19:20:38 Sessions 1 Manual Loads 0 Difficulty Rogue Special Mode None Game No. 14 Rogue 7 Adventurer 7 Explorer 0 Win Type - Total 0 Types 0/0/0/0/0/0/0/0/0 Lore% 21 Gallery% 26 Achievement% 23 Wizard Run 0 Options --------- Layout 0 ASCII 0 Keyboard 1 Movement Vi Keybinds 0 Fullscreen 2 Font 24/Smallcaps Map View 76x50 Zoom Use 0% Tactical HUD 1 Map Filters NONE Filters NONE Steam 1 RUN: 76ed05f5-2a7d-4ec9-a3c7-072f1345decd